Map: Vallée des cactus EC

Players

zipfelinho - Winner!

  • Race: Terran Terran
  • League: Grandmaster

AgCl

  • Race: Protoss Protoss
  • League: Grandmaster

VOD

Have the link to the VOD?

Description

Time

  • Played on: July 12, 2015, 6:03 p.m.
  • Length: 17:06
Show
View Real Time Build Order
Export as new Build Order

zipfelinho Terran - Winner!

Build Orders: Mech 

Get SALT Encoding   

  12  0:01  SCV  
  13  0:15  Supply Depot  
  13  0:18  SCV  
  14  0:30  SCV  
  15  0:39  Barracks  
  15  0:42  SCV  
  16  0:45  Refinery  
  16  0:54  SCV  
  17  1:06  SCV  
  18  1:20  SCV  
  19  1:27  Marine  
  20  1:32  Orbital Command  
  20  1:40  Supply Depot  
  20  1:57  Marine  
  20  1:58  SCV, Factory  
  22  2:10  SCV  
  23  2:29  Barracks Tech Lab  
  23  2:30  SCV  
  23  2:32  Command Center  
  24  2:42  SCV  
  25  2:54  SCV  
  26  3:00  Cyclone  
  29  3:07  SCV  
  29  3:16  Marine  
  30  3:20  SCV  
  30  3:22  Command Center  
  30  3:43  SCV  
  30  3:45  Supply Depot  
  30  3:46  Refinery  
  30  3:47  Orbital Command  
  31  3:51  Bunker  
  31  4:01  SCV, Marine  
  33  4:03  Cyclone  
  36  4:13  SCV  
  36  4:16  SCV  
  38  4:28  SCV  
  38  4:29  Marine  
  38  4:30  SCV  
  41  4:34  Factory  
  41  4:37  Refinery  
  41  4:38  Widow Mine  
  40  4:47  SCV x2, Orbital Command  
  40  4:50  Engineering Bay  
  42  4:59  SCV  
  43  5:00  Marine  
  43  5:02  SCV  
  45  5:11  SCV  
  46  5:16  Missile Turret  
  43  5:36  SCV  
  43  5:37  SCV, Missile Turret  
  43  5:41  Orbital Command  
  46  5:44  Factory Tech Lab  
  46  5:49  SCV x2  
  47  6:01  SCV  
  47  6:02  Factory  
  48  6:04  SCV  
  48  6:05  Factory, Starport  
  48  6:11  SCV, Supply Depot  
  50  6:13  SCV  
  51  6:18  Factory  
  51  6:20  Factory  
  51  6:21  SCV  
  51  6:23  Refinery  
  51  6:24  Supply Depot  
  52  6:26  Supply Depot, Siege Tank x2  
  52  6:28  SCV  
  58  6:44  Viking  
  60  6:50  Widow Mine x2  
  64  7:05  Widow Mine x2  
  64  7:08  Widow Mine x2  
  69  7:11  SCV  
  72  7:16  Armory  
  72  7:18  Missile Turret  
  72  7:19  Armory  
  72  7:34  SCV x2  
  71  7:45  Factory Tech Lab  
  71  7:46  Factory Reactor  
  71  7:47  Factory Reactor  
  71  7:49  Starport Reactor  
  71  8:01  Widow Mine x2  
  71  8:03  SCV  
  71  8:04  Missile Turret  
  76  8:06  Orbital Command  
  76  8:08  Missile Turret  
  74  8:22  Widow Mine  
  74  8:23  Widow Mine  
  76  8:29  Viking x2  
  76  8:30  SCV x2  
  70  8:42  SCV  
  70  8:43  SCV x2  
  73  8:48  Missile Turret  
  73  8:49  Missile Turret  
  73  8:54  SCV  
  72  8:59  SCV x2  
  72  9:00  Thor x3  
  92  9:13  SCV, Factory Tech Lab  
  92  9:16  SCV x2  
  95  9:19  Refinery  
  95  9:20  Refinery  
  95  9:28  Missile Turret  
  95  9:29  Missile Turret  
  95  9:32  Command Center, SCV x2  
  95  9:33  SCV  
  98  9:43  Hellion  
  100  9:52  Hellion x2  
  100  9:53  Hellion  
  100  9:54  Hellion  
  92  10:01  SCV  
  92  10:04  Widow Mine x4  
  92  10:05  Missile Turret  
  92  10:06  Missile Turret x2  
  98  10:12  Widow Mine  
  94  10:29  Terran Vehicle Weapons Level 1  
  94  10:31  Terran Vehicle Armor Level 1  
  94  10:39  Viking x2  
  98  10:43  Thor x3  
  115  10:50  Hellion  
  115  10:56  Hellion x2  
  113  11:06  Widow Mine  
  115  11:12  Widow Mine  
  115  11:13  Supply Depot  
  115  11:14  Supply Depot  
  117  11:37  Hellion x2  
  117  11:38  Hellion x4  
  117  11:39  Sensor Tower  
  129  11:45  Planetary Fortress  
  129  11:47  Missile Turret  
  129  11:48  Missile Turret  
  129  11:49  Refinery  
  129  11:50  Refinery  
  129  11:55  Viking x2  
  131  12:17  Widow Mine x3  
  137  12:25  Supply Depot  
  137  12:26  Supply Depot x2  
  137  12:32  Thor x2  
  143  12:38  Thor  
  147  12:45  Terran Vehicle Weapons Level 2  
  147  12:46  Thor, Terran Vehicle Armor Level 2  
  147  12:47  Viking x2  
  147  12:50  Supply Depot  
  155  13:10  SCV x2  
  155  13:11  SCV x2  
  159  13:13  Hellion x4  
  163  13:22  SCV  
  164  13:47  Thor x2  
  176  13:48  Viking  
  176  13:49  Viking  
  176  13:53  Supply Depot  
  176  14:37  Missile Turret  
  176  14:38  Missile Turret  
  176  14:39  Missile Turret  
  176  14:40  Hellion x4  
  156  15:10  Thor x2, Hellion x2  
  134  15:29  Thor x2  
  134  15:30  Viking x2  
  126  15:53  Thor  
  126  15:54  Thor  
  124  16:05  Viking x2  
  120  16:12  Thor x2  
  118  16:24  Hellbat  
  118  16:25  Hellbat x3  
Show
View Real Time Build Order
Export as new Build Order

AgCl Protoss 

Build Orders:  

Get SALT Encoding   

  12  0:02  Probe  
  13  0:24  Probe  
  14  0:28  Pylon  
  14  0:31  Assimilator  
  14  0:32  Pylon  
  14  0:46  Probe  
  15  0:58  Probe (Chrono Boost), Gateway  
  16  1:10  Probe (Chrono Boost)  
  17  1:17  Probe (Chrono Boost)  
  18  1:25  Pylon  
  18  1:27  Probe  
  19  1:36  Assimilator  
  19  1:39  Probe  
  20  1:52  Probe, Zealot (Chrono Boost)  
  23  1:57  Cybernetics Core  
  22  2:04  Probe  
  23  2:16  Probe (Chrono Boost)  
  24  2:27  Probe (Chrono Boost)  
  25  2:34  Probe (Chrono Boost)  
  26  2:37  Stargate  
  26  2:42  Warp Gate  
  28  2:45  Mothership Core (Chrono Boost)  
  28  2:59  Probe  
  29  3:11  Probe  
  30  3:30  Probe  
  29  3:41  Nexus  
  29  3:48  Pylon  
  30  3:51  Nexus  
  29  4:05  Probe, Oracle (Chrono Boost)  
  33  4:12  Pylon  
  33  4:14  Fleet Beacon  
  33  4:17  Probe  
  34  4:29  Probe  
  30  4:40  Void Ray (Chrono Boost)  
  30  4:41  Probe (Chrono Boost)  
  35  4:53  Probe (Chrono Boost)  
  35  4:56  Assimilator  
  35  4:58  Graviton Catapult (Chrono Boost)  
  37  5:00  Probe (Chrono Boost)  
  37  5:01  Protoss Air Weapons Level 1  
  37  5:04  Probe (Chrono Boost)  
  38  5:08  Probe (Chrono Boost)  
  38  5:12  Probe  
  40  5:19  Probe  
  41  5:24  Probe  
  39  5:31  Robotics Facility  
  39  5:35  Probe (Chrono Boost)  
  40  5:37  Probe (Chrono Boost)  
  40  5:38  Probe (Chrono Boost)  
  40  5:41  Carrier (Chrono Boost)  
  42  5:47  Probe x2 (Chrono Boost), Assimilator  
  42  5:48  Probe (Chrono Boost)  
  45  5:54  Probe, Assimilator  
  45  5:56  Probe  
  48  6:03  Probe (Chrono Boost)  
  54  6:11  Probe (Chrono Boost)  
  56  6:13  Probe (Chrono Boost), Pylon  
  56  6:15  Probe (Chrono Boost)  
  57  6:20  Probe (Chrono Boost)  
  60  6:26  Probe x2 (Chrono Boost), Observer (Chrono Boost)  
  60  6:28  Probe (Chrono Boost)  
  60  6:32  Probe  
  63  6:33  Probe  
  63  6:36  Probe  
  63  6:37  Carrier (Chrono Boost)  
  65  6:44  Probe  
  65  6:45  Probe, Stargate  
  67  6:47  Pylon  
  67  6:48  Probe  
  74  6:56  Probe  
  74  7:00  Probe  
  76  7:03  Probe  
  75  7:12  Probe  
  75  7:14  Probe  
  77  7:17  Probe  
  77  7:19  Pylon  
  77  7:20  Pylon  
  77  7:22  Adept  
  79  7:24  Probe  
  79  7:29  Carrier x2 (Chrono Boost)  
  80  7:33  Probe  
  77  7:47  Probe, Assimilator  
  77  7:50  Probe, Forge  
  79  7:55  Observer (Chrono Boost)  
  79  7:57  Protoss Air Weapons Level 2 (Chrono Boost)  
  79  7:58  Probe  
  93  8:09  Warp Prism (Chrono Boost)  
  93  8:10  Probe  
  96  8:37  Carrier (Chrono Boost)  
  96  8:46  Probe  
  96  8:47  Adept  
  99  8:59  Probe  
  99  9:02  Photon Cannon  
  106  9:05  Pylon  
  106  9:06  Gateway  
  106  9:10  Gateway  
  106  9:15  Nexus  
  104  9:17  Pylon  
  104  9:21  Carrier (Chrono Boost)  
  104  9:23  Probe x2  
  106  9:27  Pylon  
  106  9:35  Probe x2  
  106  9:37  Twilight Council  
  114  9:40  Pylon  
  114  9:43  Protoss Shields Level 1, Nexus  
  114  9:44  Pylon  
  114  9:45  Probe  
  115  9:49  Stargate  
  115  9:50  Pylon x2  
  115  9:53  Carrier (Chrono Boost)  
  115  9:54  Photon Cannon  
  115  9:56  Pylon  
  115  9:58  Gateway  
  115  9:59  Gateway  
  115  10:05  Adept  
  115  10:06  Carrier (Chrono Boost)  
  123  10:17  Probe  
  118  10:30  Protoss Air Weapons Level 3  
  118  10:32  Adept  
  126  10:40  Pylon  
  126  10:44  Probe  
  126  10:46  Carrier (Chrono Boost)  
  125  10:59  Assimilator  
  125  11:05  Photon Cannon  
  125  11:08  Observer (Chrono Boost), Charge (Chrono Boost), Assimilator  
  126  11:15  Templar Archives  
  132  11:19  Adept  
  132  11:20  Probe  
  135  11:28  Gateway x2  
  133  11:36  Pylon  
  133  11:41  Gateway  
  133  11:42  Pylon  
  133  12:03  Carrier (Chrono Boost)  
  133  12:07  Assimilator x2  
  133  12:08  Photon Cannon  
  133  12:14  Psionic Storm  
  133  12:15  Pylon  
  132  12:16  Probe (Chrono Boost)  
  132  12:18  Dark Shrine  
  132  12:20  Gateway  
  132  12:22  Gateway x2, Pylon  
  134  12:24  Pylon  
  134  12:26  Pylon  
  134  12:27  Probe x2 (Chrono Boost)  
  133  12:39  Probe  
  123  12:47  Adept x3  
  123  12:49  Photon Cannon  
  126  12:57  Protoss Ground Weapons Level 1 (Chrono Boost)  
  122  12:59  Adept x3  
  123  13:06  Probe (Chrono Boost)  
  123  13:17  Probe (Chrono Boost)  
  123  13:18  Adept  
  123  13:19  Mothership Core (Chrono Boost)  
  128  13:25  Probe (Chrono Boost)  
  130  13:27  Probe (Chrono Boost)  
  130  13:41  Dark Templar  
  130  13:42  Dark Templar x5  
  130  13:43  Dark Templar x2  
  145  13:57  Protoss Air Armor Level 1 (Chrono Boost)  
  145  13:59  Carrier x3 (Chrono Boost)  
  145  14:03  Probe, Forge  
  145  14:05  Probe  
  157  14:28  Probe  
  157  14:29  Probe  
  157  14:31  Probe  
  160  14:32  Probe  
  161  14:39  Pylon  
  161  14:41  Probe  
  161  14:42  Shield Upgrade  
  161  14:44  Gateway  
  161  14:45  Probe  
  163  14:47  Adept  
  163  14:53  Pylon  
  163  15:02  Pylon  
  163  15:03  Nexus  
  161  15:12  Archon  
  161  15:13  Archon  
  130  15:31  Adept x4  
  130  15:32  Adept  
  128  15:39  Oracle x2  
  128  15:41  Observer  
  117  15:52  High Templar x2  
  117  15:53  High Templar x5  
  125  16:00  Archon x2  
  125  16:01  Archon  
  125  16:02  Observer  
  110  16:24  Adept x4  
  96  16:48  Zealot x5  
Tags
 
Add a new tag
Caveats
  • Supply blocks, unpowered buildings, or Contaminate may cause inaccurate times.
  • Supply counts are checked every 10 seconds.